 Dungeon Crawl Stone Soup version 0.29-a0-360-g8ed1089bbe (webtiles) character file.

Game seed: 17986437961916470230

333 sammy202020 the Skirmisher (level 6, -1/50 HPs)
             Began as a Demonspawn Berserker on Apr 29, 2022.
             Was a Believer of Trog.
             Slain by a worm (5 damage)
             ... on level 3 of the Dungeon.
             The game lasted 00:04:19 (2644 turns).

sammy202020 the Skirmisher (Demonspawn Berserker)   Turns: 2644, Time: 00:04:20

Health: -1/50      AC:  7    Str: 17    XL:     6   Next: 27%
Magic:  6/6        EV: 15    Int: 10    God:    Trog [**....]
Gold:   105        SH:  0    Dex: 13    Spells: 5/5 levels left

rFire   . . .      SeeInvis .   a - +0 hand axe
rCold   . . .      Faith    .   (no shield)
rNeg    . . .      Spirit   .   j - +0 scale mail
rPois   .          Reflect  .   (helmet restricted)
rElec   .          Harm     .   (no cloak)
rCorr   .          Rampage  .   (no gloves)
Will    .....                   m - +0 pair of boots
Stlth   ..........              (no amulet)
HPRegen 0.16/turn               e - +4 ring of evasion
MPRegen 0.10/turn               (no ring)

@: on berserk cooldown, slowed, very slow
A: horns 2, spiny 1, sturdy frame 1
a: Renounce Religion, Berserk, Trog's Hand


You were on level 3 of the Dungeon.
You worshipped Trog.
Trog was pleased with you.
You visited 1 branch of the dungeon, and saw 3 of its levels.

You collected 105 gold pieces.

Inventory:

Hand Weapons
 a - a +0 hand axe (weapon)
 c - a +0 club
 t - a +2 spear of venom
Missiles
 g - 4 poisoned darts
 l - 2 javelins (quivered)
Armour
 j - a +0 scale mail (worn)
 m - a +0 pair of boots (worn)
Jewellery
 e - a +4 ring of evasion (left hand)
 h - a ring of magical power
 u - a ring of flight
Wands
 s - a wand of digging (4)
Scrolls
 d - 2 scrolls of identify {unknown}
 i - a scroll of torment {unknown}
 k - 2 scrolls of noise {unknown}
 n - a scroll of teleportation {unknown}
 r - a scroll of immolation {unknown}
Potions
 b - 2 potions of brilliance {unknown}
 f - 3 potions of curing {unknown}
 o - a potion of heal wounds {unknown}
 p - a potion of haste {unknown}
 q - a potion of invisibility {unknown}


   Skills:
 * Level 4.8 Fighting
 * Level 4.2 Axes
 + Level 2.9 Armour
 + Level 2.8 Dodging


You had 5 spell levels left.
You didn't know any spells.
Your spell library was empty.

Dungeon Overview and Level Annotations

Branches:
Dungeon (3/15)

Altars:


Innate Abilities, Weirdness & Mutations

You have a pair of horns on your head.
You are partially covered in sharp spines.
Your movements are slightly less encumbered by armour. (ER -2)


Message History

a ring of flight; an amethyst potion; 9 gold pieces You barely miss the ball python.
The ball python is moderately wounded.
The ball python bites you but does no damage.
You barely miss the ball python.
The ball python is moderately wounded.
The ball python is struck by your spines.
The ball python barely misses you.
A dart slug comes into view.
You closely miss the ball python.
The ball python is severely wounded.
The ball python misses you. The ball python barely misses you.
You hit the ball python.
You kill the ball python!
Trog accepts your kill.
A worm comes into view.
u - a ring of flight
Okay, then.
A red film seems to cover your vision as you go berserk!
You feel yourself moving faster!
You feel mighty!
You feel a strong urge to attack something.
You see here a ball python corpse.
Found a ring mail.
Found a stone staircase leading up.
You feel your anger nearly subside.
You are no longer berserk.
You are exhausted.
You feel yourself slow down. The dart slug is struck by your spines.
The dart slug bites you but does no damage.
You hit the dart slug.
The dart slug is almost dead.
The dart slug is struck by your spines.
You kill the dart slug!
Trog accepts your kill. The worm is struck by your spines. The worm bites you!
* * * LOW HITPOINT WARNING * * *
You see here a dart slug corpse.
You hit the worm but do no damage.
The worm is moderately wounded.
The worm bites you.
You die...

.# .........# . ..
........... ..
.##.....[...# .<.
...........# ....
..........##
.....#.(........
......(.......## ###.
.......@.......##....
.......w........#..#
..#.....?..........# #
..........†........#####
.........$.!........#...
..............†.........
#...###......)..........
##......#####...........
.. ...# #..$........


You could see a worm.

Vanquished Creatures
  Grinder (D:3)
  Robin (D:2)
  2 adders
  3 gnolls (D:3)
  4 dart slugs
  11 ball pythons
  5 endoplasms
  2 giant cockroaches (D:2)
  8 goblins
  9 hobgoblins
  4 quokkas (D:1)
  7 bats
  4 frilled lizards
  5 kobolds
  6 rats
72 creatures vanquished.

Notes
Turn   | Place    | Note
-------+----------+-------------------------------------------
     0 | D:1      | sammy202020 the Demonspawn Berserker began the quest for
                  | the Orb.
     0 | D:1      | Reached XP level 1. HP: 18/18 MP: 1/1
   135 | D:1      | Gained mutation: You have a pair of small horns on your
                  | head. [demonic ancestry]
   135 | D:1      | Reached XP level 2. HP: 24/24 MP: 2/2
   424 | D:1      | Found a faded altar of an unknown god.
   543 | D:1      | Reached ** piety under Trog
   750 | D:1      | Reached XP level 3. HP: 29/29 MP: 3/3
  1754 | D:2      | Noticed Robin
  1770 | D:2      | Gained mutation: You have a pair of horns on your head.
                  | [demonic ancestry]
  1770 | D:2      | Reached XP level 4. HP: 28/37 MP: 4/4
  1770 | D:2      | Killed Robin
  2289 | D:3      | Noticed Grinder
  2300 | D:3      | Paralysed by Grinder for 5 turns
  2313 | D:3      | Killed Grinder
  2314 | D:3      | Gained mutation: You are partially covered in sharp spines.
                  | [demonic ancestry]
  2314 | D:3      | Reached XP level 5. HP: 9/43 MP: 5/5
  2314 | D:3      | Gained mutation: Your movements are slightly less
                  | encumbered by armour. (ER -2) [demonic ancestry]
  2314 | D:3      | Reached XP level 6. HP: 10/49 MP: 6/6
  2644 | D:3      | Slain by a worm

Illustrated notes

Levels and vault maps discovered:
D:1:      doesnt_arrival_eight_statues, layout_basic,
          hellmonk_ecumenical_altar_pennies_from_heaven, st_stairs_11
D:2:      layout_basic, nicolae_figureground_pulse, uniq_robin
D:3:      layout_rooms, serial_shops, shop_statue,
          nicolae_shop_bloodbath_and_beyond, minmay_crystal_room, uniq_grinder

Skill      XL: |  1  2  3  4 |
---------------+-------------+-----
Axes           | 3 4 |  4.2
Armour         | 2 |  2.9
Dodging        | 2 |  2.8
Fighting       | 4 |  4.8

Action                   |  1- 3 |  4- 6 || total
-------------------------+-------+-------++-------
Melee: Hand axe          |   121 |    42 ||   163
       Headbutt          |    12 |     1 ||    13
       Punch             |       |     2 ||     2
Throw: Dart              |       |     4 ||     4
       Javelin           |       |     4 ||     4
Invok: Berserk           |     1 |     2 ||     3
       Trog's Hand       |     1 |     2 ||     3
 Stab: Sleeping          |     1 |       ||     1
Armor: Animal skin       |    21 |       ||    21
       Scale mail        |    21 |    29 ||    50
Dodge: Dodged            |   141 |    43 ||   184

Table legend: (Time is in decaauts)
 A = Elapsed time spent in this place.
 B = Non-inter-level travel time spent in this place.
 C = Inter-level travel time spent in this place.
 D = Time resting spent in this place.
 E = Time spent auto-exploring this place.
 F = Levels seen in this place.
 G = Mean time per level.
                   A        B        C        D        E       F      G
               +--------+--------+--------+--------+--------+-----+--------+
         Total |   2688 |   2612 |     76 |    206 |   1894 |   3 |  896.0 |
       Dungeon |   2688 |   2612 |     76 |    206 |   1894 |   3 |  896.0 |
               +--------+--------+--------+--------+--------+-----+--------+

Top non-repeatable levels by time:
     D:2: 1208 daAuts
     D:1: 1107 daAuts
     D:3: 371 daAuts
